 Dungeon Crawl Stone Soup version 0.17-a0-2208-ge5ab1d3 (webtiles) character file.

457 kosy22 the Ducker (level 6, 61/61 HPs)
             Began as a Troll Fighter on Oct 26, 2015.
             Drowned
             ... on level 3 of the Dungeon.
             The game lasted 00:08:02 (3241 turns).

kosy22 the Ducker (Troll Fighter)                   Turns: 3241, Time: 00:08:02

Health: 61/61      AC:  5    Str: 27    XL:     6   Next: 77%
Magic:  5/5        EV:  9    Int:  9    God:
Gold:   150        SH:  9    Dex:  9    Spells: 0 memorised, 5 levels left

rFire  . . .     SeeInvis .       - Unarmed
rCold  . . .     Clarity  .     a - +0 robe
rNeg   . . .     SustAt   .     b - +0 shield
rPois  .         Gourm    +     (helmet restricted)
rElec  .         Spirit   .     (no cloak)
rCorr  .         Warding  .     (gloves unavailable)
rMut   .         Stasis   .     (boots unavailable)
MR     .....                    (no amulet)
Stlth  +.........               (no ring)
                                p - +5 ring of intelligence

@: not resistant to hostile enchantments, very unstealthy
A: unfitting armour, claws 3, fast metabolism 3, gourmand, regeneration 2,
shaggy fur 1, tough skin 2
a: no special abilities


You were on level 3 of the Dungeon.
You were full.

You visited 1 branch of the dungeon, and saw 3 of its levels.
You also visited: Sewer.

You collected 150 gold pieces.

Inventory:

Armour
 a - a +0 robe (worn)
 b - a +0 shield (worn)
Jewellery
 p - a +5 ring of intelligence (left claw)
Scrolls
 d - a scroll of noise {unknown}
 i - a scroll of identify
Potions
 c - a potion of might
 g - 2 potions of cancellation {unknown}
 j - a potion of flight
 k - a potion of curing {unknown}
 l - 3 potions of magic {unknown}
 n - 2 potions of heal wounds {unknown}


   Skills:
 + Level 3.4 Fighting
 + Level 4.3 Dodging
 + Level 0.4 Stealth
 + Level 3.8 Shields
 + Level 3.4 Unarmed Combat


You had 5 spell levels left.
You didn't know any spells.

Dungeon Overview and Level Annotations

Branches:
Dungeon (3/15)

Altars:
Gozag
Okawaru
Ru


Innate Abilities, Weirdness & Mutations

You are too large for most types of armour.
You have claws for hands.
Your metabolism is lightning-fast.
You like to eat raw meat.
You heal very quickly.
You are covered in fur (AC +1).
You have very tough skin (AC +2).


Message History

The big kobold is heavily wounded.
The big kobold splashes around in the water.
You scratch the big kobold.
The big kobold is almost dead.
The big kobold splashes around in the water.
You miss the big kobold.
The big kobold is severely wounded.
The big kobold hits you but does no damage.
You closely miss the big kobold.
The big kobold is severely wounded.
You claw the big kobold!
You kill the big kobold!
The gnoll shouts!
You claw the big kobold!
The big kobold is heavily wounded.
You closely miss the big kobold.
The big kobold is heavily wounded.
You float gracefully downwards.
You fall into the water!
You sink like a stone!
You drown...
You die...

##≈≈≈≈≈≈≈# #≈≈≈≈≈≈≈≈##
#≈≈≈≈≈≈≈≈≈#
#≈≈≈≈≈≈≈≈≈#
##≈≈≈≈≈≈≈≈##
#≈≈≈≈≈≈≈≈≈#
#≈≈≈≈≈≈≈≈≈# ########
#≈≈≈≈≈≈≈≈≈#
≈≈≈≈≈≈≈#####≈≈≈≈@≈≈≈≈#
≈≈g≈≈≈≈≈≈≈≈≈≈≈≈≈K≈≈≈≈#
≈≈≈≈≈≈g≈≈≈≈≈≈≈≈≈≈≈≈≈≈#
.≈..≈.≈≈≈≈≈.≈≈≈≈≈≈.≈.#
.........)g..........#
.....................#
..###########.####.###
......# #.# #.#
#####.# #.####.#


You could see a big kobold and a gnoll.

Vanquished Creatures
  3 big kobolds
  6 gnolls (D:3)
  Robin (D:2)
  6 adders
  A river rat (Sewer)
  An ooze (D:1)
  2 worms
  2 giant geckos
  An orc (D:3)
  20 goblins
  30 hobgoblins
  12 kobolds
  8 bats
  6 giant cockroaches
  3 giant newts
  7 jackals
  13 rats
  3 toadstools (D:1)
125 creatures vanquished.

Vanquished Creatures (others)
  A toadstool (D:1)
1 creature vanquished.

Grand Total: 126 creatures vanquished

Notes
Turn   | Place    | Note
--------------------------------------------------------------
     0 | D:1      | kosy22 the Troll Fighter began the quest for the Orb.
     0 | D:1      | Reached XP level 1. HP: 22/22 MP: 0/0
    66 | D:1      | Reached XP level 2. HP: 13/29 MP: 1/1
   392 | D:1      | Reached XP level 3. HP: 36/36 MP: 2/2
   785 | D:2      | Found an opulent altar of Gozag.
   805 | D:2      | Reached skill level 3 in Dodging
  1201 | D:2      | Reached XP level 4. HP: 35/44 MP: 3/3
  1237 | D:2      | Noticed Robin
  1248 | D:2      | Killed Robin
  1367 | D:2      | Found a sacrificial altar of Ru.
  1378 | D:2      | Found an iron altar of Okawaru.
  1881 | D:3      | Reached XP level 5. HP: 21/50 MP: 4/4
  2063 | D:3      | Found a glowing drain.
  2071 | Sewer    | Entered a sewer
  2256 | Sewer    | Found a white marble altar of Elyvilon.
  2793 | D:3      | Reached XP level 6. HP: 42/61 MP: 5/5
  3047 | D:3      | Noticed a big kobold
  3047 | D:3      | Noticed a big kobold
  3047 | D:3      | Noticed a big kobold
  3047 | D:3      | Noticed a big kobold
  3053 | D:3      | Killed a big kobold
  3053 | D:3      | Reached skill level 4 in Dodging
  3108 | D:3      | HP: 2/61 [gnoll/halberd (3)]
  3239 | D:3      | Killed a big kobold
  3241 | D:3      | Drowned

Vault maps used:
D:1:      ldierk_walled_garden_2, serial_glass, glass_columns_a,
          glass_columns_a, glass_columns_a, glass_columns_b, glass_columns_c,
          glass_columns_a, glass_columns_b, glass_columns_c, glass_columns_a,
          glass_columns_a, glass_columns_b, glass_columns_a, glass_columns_b,
          glass_columns_b
D:2:      lemuel_doored_altar, grunt_temple_overflow_open, uniq_robin
D:3:      minmay_goblin_kobold_castle, gup_sewer_entry_bubbles
Sewer:    sewer_kobolds

Action                   |  1- 3 |  4- 6 || total
-------------------------+-------+-------++-------
Melee: Unarmed           |   142 |   232 ||   374
  Use: Scroll            |     1 |     7 ||     8
       Potion            |       |     3 ||     3
  Eat: Bread ration      |     2 |       ||     2
       Chunk             |       |    14 ||    14
       Meat ration       |       |     2 ||     2
